 Dungeon Crawl Stone Soup version 0.31.0-10-gcf4a605ca0 (webtiles) character file.

Game seed: 18348748195617412789

5038 Drazool the Covert (level 10, -10/56 HPs)
             Began as a Kobold Earth Elementalist on Jan 25, 2024.
             Was a Follower of Sif Muna.
             Mangled by a death yak (21 damage)
             ... on level 7 of the Dungeon.
             The game lasted 00:23:05 (10433 turns).

Drazool the Covert (Kobold Earth Elementalist)     Turns: 10433, Time: 00:23:06

Health: -10/56     AC: 17    Str:  6    XL:     10   Next: 85%
Magic:  14/17      EV: 15    Int: 21    God:    Sif Muna [*.....]
Gold:   420        SH:  0    Dex: 15    Spells: 8/19 levels left

rFire   . . .        y - +2 short sword (elec)
rCold   . . .        (no shield)
rNeg    + . .        h - +2 leather armour {rPois}
rPois   +            (no helmet)
rElec   .            (no cloak)
rCorr   .            (no gloves)
SInv    .            s - +2 pair of boots
Will    .....        (no amulet)
Stlth   +++++        N - ring of positive energy
HPRegen 0.29/turn    (no ring)
MPRegen 0.15/turn

%: no passive effects
@: no status effects
A: small, no large weapons, nightstalker 3
a: Renounce Religion, Channel Magic


You were on level 7 of the Dungeon.
You worshipped Sif Muna.
Sif Muna was aware of your devotion.
You visited 2 branches of the dungeon, and saw 9 of its levels.
You also visited: Ossuary.

You collected 420 gold pieces.


Innate Abilities, Weirdness & Mutations

You are small and have problems with some larger weapons.
You are completely attuned to the shadows.


   Skills:
 - Level 3.0 Fighting
 - Level 3.0 Armour
 - Level 4.0 Dodging
 - Level 8.0 Stealth
 + Level 5.2 Spellcasting
 - Level 7.0 Conjurations
 - Level 8.0 Earth Magic
 - Level 7.0 Invocations
 - Level 3.0 Evocations


You had 8 spell levels left.
You knew the following spells:

 Your Spells              Type           Power      Damage    Failure   Level
a - Passwall              Erth           39%        N/A       1%          3
w - Stone Arrow           Conj/Erth      74%        3d11      2%          3
z - Sandblast             Erth           78%        2d17      1%          1
X - Brom's Barrelling Bo  Conj/Erth      37%        2d6       8%          4

Your spell library contained the following spells:

 Spells                   Type           Power      Damage    Failure   Level
 Call Imp                 Summ           10%        N/A       24%         2
 Ensorcelled Hibernation  Hex/Ice        10%        N/A       24%         2
 Sublimation of Blood     Necr           5%         N/A       24%         2
 Petrify                  Alch/Erth      22%        N/A       30%         4
 Fulminant Prism          Conj/Alch      10%        3d8       36%         4
 Iskenderun's Mystic Bla  Conj/Tloc      20%        2d6       36%         4
 Fugue of the Fallen      Necr           5%         N/A       43%         3
 Volatile Blastmotes      Fire/Tloc      10%        2d10      43%         3
 Anguish                  Hex/Necr       2%         N/A       85%         4
 Summon Hydra             Summ           2%         N/A       100%        7

Inventory:

Hand Weapons
 f - a +0 rapier
 l - a +0 whip of electrocution
 x - a +4 dagger of venom
 y - a +2 short sword of electrocution (weapon)
Armour
 h - a +2 leather armour of poison resistance (worn)
 m - a scarf of shadows
 s - a +2 pair of boots (worn)
Jewellery
 k - an amulet of guardian spirit
 u - the ring "Unwu" {*Corrode rF+ Dex+4}
   (You found it on level 6 of the Dungeon)

   [ring of protection from fire]

   Dex+4:     It affects your dexterity (+4).
   rF+:       It protects you from fire.
   *Corrode:  It may corrode you when you take damage.
 N - a ring of positive energy (left hand)
Wands
 p - a wand of iceblast (7)
 v - a wand of quicksilver (6)
 w - a wand of flame (21)
 C - a wand of digging (8)
Scrolls
 a - a scroll of torment {unknown}
 d - a scroll of butterflies {unknown}
 e - a scroll of enchant weapon {unknown}
 g - a scroll of revelation
 j - 2 scrolls of poison
 n - a scroll of brand weapon {unknown}
 E - a scroll of noise
Potions
 b - 2 potions of magic
 c - 5 potions of curing {unknown}
 i - 3 potions of lignification
 o - 3 potions of enlightenment
 q - 3 potions of attraction
 r - 4 potions of invisibility {unknown}
 t - a potion of haste {unknown}
 z - a potion of ambrosia {unknown}
 A - 2 potions of brilliance {unknown}
 B - a potion of heal wounds {unknown}
 D - a potion of might {unknown}

Dungeon Overview and Level Annotations

Branches:
Dungeon (8/15)             Temple (1/1) D:6            Lair (0/5) D:8
Ossuary (visited)

Altars:
Ashenzari
Cheibriados
Dithmenos
Elyvilon
Fedhas
Gozag
Hepliaklqana
Kikubaaqudgha
Makhleb
Nemelex Xobeh
Okawaru
Qazlal
Ru
Sif Muna
Trog
Uskayaw
Vehumet
Wu Jian
Xom
Yredelemnul
Zin
The Shining One

Shops:
D:3

( #######.#.# #.#.#. ##....##.#.#
#.#.#. ......'..#.# #.#.#.
.#....####.# #.#.#. .#....#
#..#################.#.#. ......#
#........##......##....#. P~..###
#........................
~~~~######...#...#.......##....#.
♣♣~~.~~###..#<#Y@#.......##....#.
♣≈~~~~~~##...#...#......####.#.#.
~~♣≈♣~P~~#..............# #.#<..
~~♣≈≈~~P..........####### #.#...
~~~♣♣≈~~..>######.......# #.+...
~~♣~♣♣~~P#.# ##......# ###...
~~♣~~~~.P#.#######......# #...
~♣~~~~P.##.......#......## ####
♣~~~~###########.#.......## #####


You could see a death yak.


Message History

Reactivating autopickup.
There is a stone staircase leading down here.
You start resting.
Magic restored.
You climb downwards.
The death yak closely misses you.
There is a stone staircase leading up here.
The death yak gores you!
You climb upwards.
There is a stone staircase leading down here.
Unknown command.
The death yak attacks as it pursues you!
The death yak gores you!
The death yak attacks as it pursues you!
The death yak closely misses you.
The death yak attacks as it pursues you!
The death yak gores you!
* * * LOW HITPOINT WARNING * * *
The death yak attacks as it pursues you!
The death yak gores you but does no damage.
Okay, then.
Casting: Passwall (safe; 1% risk of failure)
Confirm with . or Enter, or press ? or * to list all spells.
Aiming: Passwall (safe; 1% risk of failure)
Press: ? - help, Dir - move target A rock wall.
The death yak gores you!
* * * LOW HITPOINT WARNING * * *
The death yak closely misses you. The death yak gores you!!
You die...

Skill      XL: |  1  2  3  4  5  6  7  8  9 10 |
---------------+-------------------------------+-----
Earth Magic    | 4 5 6 7 8 |  8.0
Conjurations   | 2 5 7 |  7.0
Spellcasting   | 4 5 |  5.2
Stealth        | 3 6 8 |  8.0
Fighting       | 3 |  3.0
Armour         | 3 |  3.0
Dodging        | 4 |  4.0
Evocations     | 3 |  3.0
Invocations    | 3 7 |  7.0

Action                     |  1- 3 |  4- 6 |  7- 9 | 10-12 || total
---------------------------+-------+-------+-------+-------++-------
  Melee: Whip              |       |     2 |       |       ||     2
         Short sword       |       |       |       |     5 ||     5
   Cast: Sandblast         |    40 |    73 |   210 |    64 ||   387
         Stone Arrow       |       |     1 |    29 |     8 ||    38
         Brom's Barrelling |       |       |       |     6 ||     6
         Passwall          |       |       |       |     4 ||     4
 Invoke: Channel Magic     |       |       |       |     1 ||     1
    Use: Scroll            |       |       |    12 |       ||    12
 Armour: Robe              |     2 |    14 |    13 |       ||    29
         Leather armour    |       |       |    63 |    52 ||   115
  Dodge: Dodged            |    10 |    21 |   109 |    57 ||   197

Levels and vault maps discovered:
D:1:      arrival_aquarium_a, layout_basic
D:2:      layout_basic, shapermc_ecumenical_altar_flowoftime, dk_noncrumbling_3,
          kennysheep_generic_room_6
D:3:      layout_basic, serial_shops, nicolae_shop_statue_plus
D:4:      layout_cave_pools, serial_bayou_pond_a
D:5:      layout_rooms, serial_rivers, chequers_serial_rivers_micro_d,
          chequers_serial_rivers_marsh, chequers_serial_rivers_micro_a,
          chequers_serial_rivers_micro_a, chequers_serial_rivers_small_3,
          chequers_serial_rivers_marsh, nicolae_half_adder
D:6:      layout_basic, lemuel_temple_firewalk_a, minmay_misc_feat_iff
D:7:      layout_basic, minmay_overflow_temple_star_hex, kennysheep_little_box,
          lightli_ossuary_entry_decrepit_ruins, serial_bayou_lagoon_a,
          st_stairs_14
D:8:      layout_layer_cave, nicolae_overflow_hidden_temple, dpeg_lair_monsters,
          serial_ice, serial_ice_l, serial_ice_h, serial_ice_d, serial_ice_f
Temple:   hellmonk_temple_of_storms

Notes
Turn   | Place    | Note
-------+----------+-------------------------------------------
     0 | D:1      | Drazool the Kobold Earth Elementalist began the quest for
                  | the Orb.
     0 | D:1      | Reached XP level 1. HP: 10/10 MP: 3/3
    24 | D:1      | Noticed an electric eel
   317 | D:1      | Reached XP level 2. HP: 15/15 MP: 1/5
  1146 | D:2      | Reached skill level 4 in Earth Magic
  1146 | D:2      | Reached XP level 3. HP: 10/19 MP: 2/6
  1187 | D:1      | Learned a level 3 spell: Passwall
  1865 | D:2      | Found a faded altar of an unknown god.
  2017 | D:2      | Reached XP level 4. HP: 24/24 MP: 5/7
  2323 | D:3      | Found Qakhlepp's Weapon Emporium.
  2474 | D:3      | Reached skill level 5 in Earth Magic
  2532 | D:3      | Reached XP level 5. HP: 28/28 MP: 6/8
  2539 | D:3      | Learned a level 3 spell: Stone Arrow
  2754 | D:3      | Reached skill level 2 in Conjurations
  2799 | D:3      | Reached XP level 6. HP: 28/32 MP: 3/9
  2910 | D:3      | Reached skill level 3 in Conjurations
  3950 | D:4      | Reached skill level 4 in Conjurations
  4247 | D:5      | Entered Level 5 of the Dungeon
  4348 | D:5      | Reached skill level 5 in Conjurations
  4348 | D:5      | Reached XP level 7. HP: 10/36 MP: 7/10
  4758 | D:5      | Reached skill level 3 in Spellcasting
  5082 | D:5      | Reached skill level 4 in Spellcasting
  5137 | D:5      | Reached skill level 3 in Stealth
  5188 | D:5      | Reached XP level 8. HP: 41/41 MP: 11/14
  5262 | D:5      | Reached skill level 4 in Stealth
  5414 | D:5      | Reached skill level 5 in Stealth
  5728 | D:6      | Reached skill level 6 in Stealth
  5764 | D:6      | Reached skill level 1 in Fighting
  5924 | D:6      | Reached skill level 2 in Fighting
  5975 | D:6      | Reached skill level 3 in Fighting
  6214 | D:6      | Identified the ring "Unwu" {*Corrode rF+ Dex+4}
  6229 | D:6      | Reached skill level 1 in Armour
  6284 | D:6      | Found a staircase to the Ecumenical Temple.
  6289 | Temple   | Entered the Ecumenical Temple
  6413 | D:6      | Reached skill level 2 in Armour
  6892 | D:7      | Found a sand-covered staircase.
  6896 | Ossuary  | Entered an ossuary
  6941 | Ossuary  | Reached skill level 3 in Armour
  6989 | Ossuary  | Learned a level 4 spell: Brom's Barrelling Boulder
  6998 | Ossuary  | Reached skill level 6 in Earth Magic
  6998 | Ossuary  | Reached XP level 9. HP: 38/50 MP: 12/15
  7135 | Ossuary  | Reached skill level 6 in Conjurations
  7135 | Ossuary  | Reached skill level 3 in Dodging
  7236 | Ossuary  | Reached skill level 4 in Dodging
  7236 | Ossuary  | Reached skill level 1 in Evocations
  7303 | Ossuary  | Reached skill level 2 in Evocations
  7364 | Ossuary  | Reached skill level 3 in Evocations
  7718 | Ossuary  | Reached skill level 5 in Spellcasting
  7976 | D:7      | Found an ancient bone altar of Kikubaaqudgha.
  8227 | D:7      | Found a white marble altar of Elyvilon.
  8297 | D:7      | Found a shimmering blue altar of Sif Muna.
  8302 | D:7      | Became a worshipper of Sif Muna the Loreminder
  8310 | D:7      | Found a glowing golden altar of the Shining One.
  8340 | D:7      | Found a hide-covered altar of Uskayaw.
  8349 | D:7      | Found a stormy altar of Qazlal.
  8390 | D:7      | Reached skill level 7 in Earth Magic
  9066 | D:7      | Reached skill level 7 in Conjurations
  9066 | D:7      | Reached skill level 1 in Invocations
  9066 | D:7      | Reached * piety under Sif Muna
  9186 | D:8      | Noticed a two-headed ogre
  9203 | D:8      | Killed a two-headed ogre
  9204 | D:8      | Reached skill level 3 in Invocations
  9204 | D:8      | Reached skill level 8 in Stealth
  9204 | D:8      | Reached XP level 10. HP: 56/56 MP: 4/17
  9428 | D:8      | Reached skill level 8 in Earth Magic
  9582 | D:8      | Reached skill level 4 in Invocations
  9828 | D:8      | Reached skill level 5 in Invocations
  9968 | D:8      | Found a burning altar of Makhleb.
  9978 | D:8      | Noticed a death yak
  9978 | D:8      | Noticed a death yak
 10211 | D:8      | Reached skill level 6 in Invocations
 10263 | D:8      | Found a staircase to the Lair.
 10266 | D:8      | Noticed a death yak
 10310 | D:8      | Killed a death yak
 10311 | D:8      | Reached skill level 7 in Invocations
 10433 | D:7      | Mangled by a death yak

Vanquished Creatures
  A two-headed ogre (D:8)
  A death yak (D:8)
  A polar bear (D:8)
  A yak (D:8)
  A water moccasin (D:7)
  2 sky beasts (D:7)
  2 ice beasts
  A wolf (D:8)
  3 centaurs
  A phantom (D:5)
  A weeping skull (Ossuary)
  2 kobold brigands
  4 bullfrogs
  2 scorpions
  9 water moccasin zombies (Ossuary)
  8 killer bees (D:8)
  2 howler monkeys
  2 bombardier beetles
  A jelly (D:7)
  5 hounds
  A spectral scorpion (Ossuary)
  3 orc priests
  A gnoll bouda (D:6)
  6 iguanas
  5 orc wizards
  2 hell rats (D:8)
  A crocodile zombie (Ossuary)
  A bullfrog simulacrum (Ossuary)
  A centaur simulacrum (D:8)
  2 mummies (Ossuary)
  9 gnolls
  11 adders
  A river rat (D:8)
  3 white imps
  3 adder zombies (Ossuary)
  A dart slug (D:2)
  3 ribbon worms
  22 orcs
  8 endoplasms
  5 giant cockroaches
  14 gnoll zombies (Ossuary)
  8 goblins
  4 hobgoblins
  6 jackals
  3 quokkas
  3 ball pythons
  10 bats
  A frilled lizard (D:2)
  4 jackal zombies (Ossuary)
  15 kobolds
  4 orc zombies (Ossuary)
  7 rats
218 creatures vanquished.

Vanquished Creatures (collateral kills)
  3 boulders (D:8)
3 creatures vanquished.

Vanquished Creatures (others)
  A boulder (D:8)
1 creature vanquished.

Grand Total: 222 creatures vanquished

Table legend: (Time is in decaauts)
 A = Elapsed time spent in this place.
 B = Non-inter-level travel time spent in this place.
 C = Inter-level travel time spent in this place.
 D = Time resting spent in this place.
 E = Time spent auto-exploring this place.
 F = Levels seen in this place.
 G = Mean time per level.
                   A        B        C        D        E       F      G
               +--------+--------+--------+--------+--------+-----+--------+
         Total |  10660 |  10441 |    219 |   1290 |   7662 |  10 | 1066.0 |
       Dungeon |   9705 |   9486 |    219 |    861 |   7399 |   8 | 1213.1 |
        Temple |      7 |      7 |      0 |      0 |      0 |   1 |    7.0 |
       Ossuary |    947 |    947 |      0 |    429 |    263 |   1 |  947.0 |
               +--------+--------+--------+--------+--------+-----+--------+

Top non-repeatable levels by time:
     D:5: 1543 daAuts
     D:7: 1445 daAuts
     D:2: 1381 daAuts
     D:8: 1250 daAuts
     D:3: 1186 daAuts
     D:6: 1165 daAuts
 Ossuary: 947 daAuts
     D:4: 881 daAuts
     D:1: 849 daAuts
  Temple: 7 daAuts

Table legend:
 A = Non-vault XP
 B = Vault XP
 C = Vault XP percentage of total XP
 D = Non-vault monster count
 E = Vault monster count
 F = Vault count percentage of total count
                 A         B        C        D         E       F
            +---------+---------+-------+---------+---------+-------
      Total |    4450 |    2748 |  38.2 |     160 |      58 |  26.6
            +---------+---------+-------+---------+---------+-------
        D:1 |      15 |       0 |   0.0 |       9 |       0 |   0.0
        D:2 |      51 |       4 |   7.3 |      21 |       2 |   8.7
        D:3 |     218 |       0 |   0.0 |      26 |       0 |   0.0
        D:4 |     211 |       0 |   0.0 |      16 |       0 |   0.0
        D:5 |     588 |      65 |  10.0 |      18 |       5 |  21.7
        D:6 |     558 |       0 |   0.0 |      20 |       0 |   0.0
        D:7 |    1028 |      36 |   3.4 |      29 |       1 |   3.3
        D:8 |    1781 |    1652 |  48.1 |      21 |      10 |  32.3
    Ossuary |       0 |     991 | 100.0 |       0 |      40 | 100.0
            +---------+---------+-------+---------+---------+-------
